Description

7:00 +1 Timing Attack

Replay - PVP +1 CIA Timing Attack Build V1

Build Order

Get SALT Encoding   

  12  0:00  Probe  
  13  0:12  Probe  
  14  0:18  Pylon  
  14  0:25  Probe  
  15  0:37  Probe (Chrono Boost)  
  15  0:38  Gateway  
  16  0:49  Assimilator, Probe (Chrono Boost)  
  17  0:55  Assimilator, Probe (Chrono Boost)  
  18  1:05  Probe (Chrono Boost)  
  18  1:10  Gateway  
  19  1:17  Probe (Chrono Boost)  
  20  1:25  Probe (Chrono Boost)  
  21  1:28  Cybernetics Core  
  21  1:31  Probe  
  22  1:44  Pylon  
  23  2:04  Stalker x2  
  23  2:05  Warp Gate  
  28  2:24  Pylon  
  28  2:37  Nexus  
  28  2:46  Shield Battery  
  28  2:47  Sentry (Chrono Boost)  
  32  2:58  Sentry (Chrono Boost)  
  33  3:07  Robotics Facility  
  33  3:10  Stalker  
  35  3:19  Stalker  
  38  3:36  Twilight Council  
  43  4:05  Immortal  
  51  4:28  Pylon  
  51  4:31  Forge  
  51  4:36  Assimilator  
  54  4:48  Immortal  
  59  4:58  Protoss Ground Weapons Level 1 (Chrono Boost)  
  60  5:01  Pylon  
  60  5:06  Charge  
  63  5:23  Gateway x2  
  63  5:31  Templar Archives  
  63  5:33  Warp Prism  
  65  5:42  Gateway x2  
  65  5:50  Gateway  
  65  5:56  Zealot x2  
  69  6:33  High Templar x4  
  69  6:37  Nexus  
  69  6:39  Archon x2  
  77  6:41  Zealot x3  
  85  7:04  Zealot x5  
  99  7:26  High Templar x2  
Spawning Tool Build Advisor. Get it on Overwolf

Go to:

Details

  • Created by: master
  • Published on: Feb 16, 2022
  • Modified on: Feb 16, 2022
  • Patch: 4.11.0
  • Difficulty: Medium
Show
View Real Time Build Order
Export as new Build Order

Comments (0)

There are no comments. Be the first!

Create an account to comment!